 Dungeon Crawl Stone Soup version 0.26.0-10-g1f06aea511 (webtiles) character file.

Game seed: 4346139937448818204

5752 funkygono the Thaumaturge (level 10, -3/72 HPs)
             Began as a Grey Draconian Air Elementalist on Jan 20, 2021.
             Was an Elder of Vehumet.
             Slain by a boulder beetle (24 damage)
             ... on level 10 of the Dungeon.
             The game lasted 00:34:54 (13549 turns).

funkygono the Thaumaturge (DrAE)                   Turns: 13549, Time: 00:34:54

Health: -3/72      AC: 19    Str: 11    XL:     10   Next: 49%
Magic:  6/22       EV: 13    Int: 19    God:    Vehumet [****..]
Gold:   681        SH:  0    Dex: 11    Spells: 7/26 levels left

rFire    . . .     SeeInvis .   h - +2 whip
rCold    . . .     Faith    .   (no shield)
rNeg     . . .     Spirit   .   (armour unavailable)
rPois    .         Reflect  .   (helmet restricted)
rElec    .         Harm     .   e - +1 cloak
rCorr    .         Rampage  .   s - +1 pair of gloves
Will     .....                  x - +2 pair of boots
Stlth    ++........             f - amulet of the acrobat
HPRegen  0.22/turn              (no ring)
MPRegen  0.18/turn              (no ring)

@: no status effects
A: walk through water, unfitting armour, unbreathing, cold-blooded, AC +12
a: Renounce Religion


You were on level 10 of the Dungeon.
You worshipped Vehumet.
Vehumet was greatly pleased with you.
You visited 2 branches of the dungeon, and saw 12 of its levels.
You also visited: Sewer.

You collected 681 gold pieces.

Inventory:

Hand Weapons
 h - a +2 whip (weapon)
 p - a +4 dagger of speed
Missiles
 E - 72 stones
Armour
 e - a +1 cloak (worn)
 s - a +1 pair of gloves (worn)
 x - a +2 pair of boots (worn)
Magical Staves
 u - an uncursed staff of conjuration
 H - an uncursed staff of earth
Jewellery
 f - an amulet of the acrobat (around neck)
 l - an uncursed amulet of guardian spirit
 C - an uncursed ring of wizardry
Wands
 m - a wand of digging (10)
 o - a wand of flame (5)
 t - a wand of acid (14)
 w - a wand of paralysis (8)
Scrolls
 a - 2 scrolls of remove curse
 b - 2 scrolls of amnesia
 d - 2 scrolls of magic mapping
 j - 2 scrolls of fear
 v - 4 scrolls of teleportation
 D - 2 scrolls of identify
Potions
 c - 2 potions of attraction
 g - 4 potions of flight
 i - 4 potions of might
 k - 2 potions of curing
 n - a potion of cancellation
 q - 2 potions of ambrosia
 r - a potion of berserk rage
 z - 2 potions of brilliance
 A - a potion of resistance
 B - a potion of haste


   Skills:
 + Level 1.4 Fighting
 + Level 2.9 Maces & Flails
 + Level 3.4 Dodging
 + Level 2.6 Stealth
 + Level 8.9 Spellcasting
 + Level 8.1 Conjurations
 + Level 6.8 Air Magic
 * Level 4.0 Earth Magic


You had 7 spell levels left.
You knew the following spells:

 Your Spells              Type           Power        Failure   Level
a - Shock                 Conj/Air       100%         1%          1
b - Swiftness             Air            34%          1%          2
c - Static Discharge      Conj/Air       36%          1%          3
d - Airstrike             Air            17%          1%          4
e - Magic Dart            Conj           100%         1%          1
f - Stone Arrow           Conj/Erth      62%          1%          3
g - Lightning Bolt        Conj/Air       18%          3%          5

Your spell library contained the following spells:

 Spells                   Type           Power        Failure   Level
 Fireball                 Conj/Fire      11%          12%         5
 Sandblast                Erth           46%          1%          1
 Passwall                 Tmut/Erth      13%          5%          2
 Animate Skeleton         Necr           16%          9%          1
 Apportation              Tloc           16%          9%          1
 Corona                   Hex            8%           9%          1
 Summon Small Mammal      Summ           32%          9%          1
 Lee's Rapid Deconstruct  Erth           11%          12%         5
 Call Imp                 Summ           8%           13%         2
 Summon Lightning Spire   Summ/Air       21%          21%         4
 Call Canine Familiar     Summ           8%           26%         3
 Summon Guardian Golem    Hex/Summ       8%           26%         3
 Petrify                  Tmut/Erth      16%          36%         4
 Summon Ice Beast         Ice/Summ       8%           63%         4


Dungeon Overview and Level Annotations

Branches:
Dungeon (11/15)            Temple (1/1) D:7            Lair (0/6) D:9
  Sewer (visited)
    Orc: D:9-12

Altars:
Ashenzari
Cheibriados
Dithmenos
Elyvilon
Fedhas
Gozag
Hepliaklqana
Kikubaaqudgha
Makhleb
Nemelex Xobeh
Okawaru
Qazlal
Ru
Sif Muna
Trog
Uskayaw
Vehumet
Wu Jian
Xom
Yredelemnul
Zin
The Shining One

Annotations:
D:11 1 runed translucent door


Innate Abilities, Weirdness & Mutations

You can walk through water.
Your dull iron-grey scales are very hard. (AC +12)
You cannot fit into any form of body armour.
You can survive without breathing.
You are cold-blooded and may be slowed by cold attacks.


Message History

Press: ? - help, Dir - move target, f/p - boulder beetle
Aim: a boulder beetle (lightly wounded)
The air twists around and strikes the boulder beetle.
The boulder beetle is moderately wounded.
The boulder beetle closely misses you.
Casting: Airstrike (dangerous; 1% risk of failure)
Confirm with . or Enter, or press ? or * to list all spells.
Aiming: Stone Arrow (safe; 1% risk of failure)
Press: ? - help, Shift-Dir - straight line, f/p - boulder beetle
Aim: a boulder beetle (moderately wounded, 0% to evade)
The stone arrow hits the boulder beetle.
The boulder beetle is moderately wounded.
The boulder beetle bites you!
* * * LOW HITPOINT WARNING * * *
Okay, then.
The boulder beetle bites you but does no damage.
You climb upwards.
There is a stone staircase leading down here.
The boulder beetle bites you!!
You die...

##.>..###.......##............
#...............##............
##...............##.........#[.
#.#..............###.......##..
##.#..............# #........#..
#.................####..........
#...###..........###.#.##.....##
##..###.......#.........##...##
###..##....#..##@..#...#..##.###
#....###........B#.#.###..#....##
##...##......###.....###....#...#
###...........#..[...##..###....
##..#.........##.#..)...##..##
#.....#.##...##.#.##.........
##....#......##....#.........
##......#...###....#........
##...###...####............


You could see a boulder beetle.

Vanquished Creatures
  Nergalle (D:10)
  An efreet (D:7)
  A hornet (D:10)
  Sigmund (D:2)
  Menkaure (D:7)
  A water moccasin (D:10)
  6 orc warriors
  2 sky beasts (D:9)
  3 phantoms
  2 ice beasts
  3 ogres
  2 centaurs
  5 big kobolds
  8 bullfrogs
  A scorpion (D:10)
  A water moccasin skeleton (D:7)
  10 wights
  A howler monkey (D:7)
  2 bullfrog zombies
  2 jellies
  A hound (D:8)
  A centaur skeleton (D:7)
  5 orc priests
  19 orc wizards
  2 iguanas
  5 worker ants
  A killer bee zombie (D:10)
  A howler monkey zombie (D:8)
  A worker ant zombie (D:11)
  2 howler monkey skeletons
  6 adders
  2 white imps
  5 ufetubi
  An ooze (D:2)
  2 worms
  An adder zombie (D:7)
  3 dart slugs
  6 leopard geckos
  40 orcs
  4 ball pythons
  13 giant cockroaches
  6 goblins
  11 hobgoblins
  20 jackals
  3 quokkas
  7 bats
  4 frilled lizards
  19 kobolds
  3 rats
248 creatures vanquished.

Vanquished Creatures (others)
  4 bushes (D:7)
  4 fungi
  17 plants
25 creatures vanquished.

Grand Total: 273 creatures vanquished

Notes
Turn   | Place    | Note
-------+----------+-------------------------------------------
     0 | D:1      | funkygono the Draconian Air Elementalist began the quest
                  | for the Orb.
     0 | D:1      | Reached XP level 1. HP: 14/14 MP: 3/3
   381 | D:1      | Reached XP level 2. HP: 11/20 MP: 0/5
   384 | D:1      | Learned a level 2 spell: Swiftness
   757 | D:1      | You fall into a shaft and drop 1 floor!
   899 | D:2      | Reached XP level 3. HP: 26/26 MP: 0/6
   903 | D:2      | Learned a level 3 spell: Static Discharge
  1006 | D:2      | Found a blossoming altar of Fedhas.
  1799 | D:2      | Noticed an ogre
  1811 | D:2      | Killed an ogre
  1812 | D:2      | Reached skill level 1 in Maces & Flails
  1812 | D:2      | Reached XP level 4. HP: 33/33 MP: 0/8
  1951 | D:2      | Found a faded altar of an unknown god.
  2060 | D:2      | Reached XP level 5. HP: 38/38 MP: 2/9
  2065 | D:2      | Learned a level 4 spell: Airstrike
  2149 | D:2      | Noticed Sigmund
  2170 | D:2      | Killed Sigmund
  2171 | D:2      | Reached XP level 6. HP: 10/46 MP: 3/11
  3097 | D:3      | Found an ornate altar of the Wu Jian Council.
  3376 | D:3      | Found a radiant altar of Vehumet.
  3382 | D:3      | Became a worshipper of Vehumet
  3450 | D:3      | Found an iron altar of Okawaru.
  3450 | D:3      | Found a glowing golden altar of the Shining One.
  4585 | D:5      | Entered Level 5 of the Dungeon
  4664 | D:5      | Your scales start taking on a dull iron-grey colour.
  4664 | D:5      | Reached XP level 7. HP: 51/51 MP: 2/13
  4664 | D:5      | Gained mutation: You can survive without breathing. [Grey
                  | Draconian growth]
  4926 | D:5      | Found an ancient bone altar of Kikubaaqudgha.
  5346 | D:6      | Found a shadowy altar of Dithmenos.
  5360 | D:6      | Found a sacrificial altar of Ru.
  5612 | D:6      | Found a glowing drain.
  5631 | Sewer    | Entered a sewer
  5662 | Sewer    | Reached * piety under Vehumet
  5662 | Sewer    | Offered knowledge of Magic Dart by Vehumet.
  6000 | Sewer    | Reached skill level 5 in Spellcasting
  6147 | Sewer    | Reached skill level 5 in Conjurations
  6608 | D:6      | Reached XP level 8. HP: 55/58 MP: 4/15
  6693 | D:6      | Learned a level 1 spell: Magic Dart
  7241 | D:7      | Offered knowledge of Searing Ray by Vehumet.
  7322 | D:7      | Found a snail-covered altar of Cheibriados.
  7329 | D:7      | Reached ** piety under Vehumet
  7596 | D:7      | Reached skill level 5 in Air Magic
  7983 | D:7      | Reached skill level 1 in Fighting
  8008 | D:7      | Noticed an efreet
  8044 | D:7      | HP: 1/59 [efreet/+3 scimitar of flaming (2)]
  8050 | D:7      | Killed an efreet
  8051 | D:7      | Reached XP level 9. HP: 41/64 MP: 5/19
  8306 | D:7      | Found a staircase to the Ecumenical Temple.
  8524 | Temple   | Entered the Ecumenical Temple
  8656 | D:7      | Noticed Menkaure
  8668 | D:7      | Killed Menkaure
  9079 | D:8      | Offered knowledge of Frozen Ramparts by Vehumet.
  9410 | D:8      | Found a shimmering blue altar of Sif Muna.
  9505 | D:8      | Noticed a +0 hand axe
  9506 | D:8      | Noticed a +0 hand axe
  9508 | D:8      | Found a hide-covered altar of Uskayaw.
  9560 | D:8      | Found a blossoming altar of Fedhas.
 10102 | D:9      | Reached *** piety under Vehumet
 10521 | D:9      | Found a staircase to the Lair.
 10705 | D:9      | Offered knowledge of Stone Arrow by Vehumet.
 10793 | D:9      | Learned a level 3 spell: Stone Arrow
 11081 | D:9      | Found a sparkling altar of Nemelex Xobeh.
 11250 | D:9      | Found a stormy altar of Qazlal.
 11375 | D:9      | Reached skill level 1 in Earth Magic
 11375 | D:9      | Reached XP level 10. HP: 71/71 MP: 16/22
 11764 | D:9      | Learned a level 5 spell: Lightning Bolt
 11783 | D:10     | Entered Level 10 of the Dungeon
 11988 | D:10     | Reached **** piety under Vehumet
 12147 | D:10     | Noticed Nergalle
 12186 | D:10     | Killed Nergalle
 12438 | D:10     | Offered knowledge of Fireball by Vehumet.
 13295 | D:11     | Found a runed translucent door.
 13359 | D:11     | Found the +10 tower shield of Ignorance {rN+ Int-4}
 13362 | D:11     | Noticed a boulder beetle
 13549 | D:10     | Slain by a boulder beetle

Illustrated notes

Levels and vault maps discovered:
D:1:      erik_arrival_blinker_ship, layout_basic, hex_intersection,
          minmay_misc_feat_alley
D:2:      minmay_roachtagon, layout_loops_cross, lemuel_coloured_pillars_altar,
          chequers_ecumenical_altar_lobes, uniq_sigmund
D:3:      layout_basic, lemuel_round_altar, general_overflow_altar,
          amethyst_overflow_temple_binary, lemuel_another_geyser
D:4:      layout_basic, minmay_goblin_kobold_house
D:5:      layout_loops_cross, lemuel_doored_altar
D:6:      layout_basic, nicolae_dithmenos_through_a_glass_darkly,
          kennysheep_mini, portal_sewer_entry_f
D:7:      layout_basic, minmay_temple_entry_overgrown, basic_altar,
          nzn_random_ring, uniq_menkaure
D:8:      layout_loops_ring, dancing_weapons_uskayaw, led_sif_pool, basic_altar
D:9:      layout_irregular_city, lemuel_round_altar, lemuel_crystal_altar,
          dpeg_oklobed_lair
D:10:     layout_cave_pools, uniq_nergalle
D:11:     layout_rooms, zombieorc1_lemuel, enter_bailey_5,
          chequers_guarded_unrand_ignorance
Temple:   eino_temple_lava

Skill      XL: |  1  2  3  4  5  6  7  8  9 10 |
---------------+-------------------------------+-----
Maces & Flails | 1 2 |  2.9
Spellcasting   | 3 4 5 6 8 |  8.9
Conjurations   | 2 3 4 5 6 7 8 |  8.1
Air Magic      | 4 5 6 |  6.8
Stealth        | 2 |  2.6
Dodging        | 2 3 |  3.4
Fighting       | 1 |  1.4
Earth Magic    | 1 4 |  4.0

Action                   |  1- 3 |  4- 6 |  7- 9 | 10-12 || total
-------------------------+-------+-------+-------+-------++-------
Melee: Unarmed           |    14 |       |       |       ||    14
       Club              |    13 |     9 |       |       ||    22
       Tailslap          |     4 |       |     9 |     4 ||    17
       Whip              |       |     2 |    81 |    38 ||   121
 Cast: Shock             |    71 |   105 |   332 |    64 ||   572
       Static Discharge  |       |       |    27 |     6 ||    33
       Airstrike         |       |       |     7 |    15 ||    22
       Stone Arrow       |       |       |    13 |    37 ||    50
       Lightning Bolt    |       |       |       |     2 ||     2
  Use: Scroll            |     3 |     8 |    13 |     3 ||    27
       Potion            |       |     2 |     3 |     5 ||    10
Armor: Skin              |     7 |    13 |    84 |    67 ||   171
Dodge: Dodged            |    20 |    15 |   107 |    83 ||   225
